MAt, neutral male human Tourist --------------------------.------ ................................| | ---- ----- ----+--..----- | |..| |..| --.| |.--+-- | |........| - -----..----- |........-.G@| -+---....|@m.| ----.----- +. |.. -.. ... ----- MAt the Rambler Experience level: 2 Strength: 14 Dexterity: 13 Constitution: 13 Intelligence: 12 Wisdom: 8 Charisma: 15 Health: 0(14) Energy: 4(4) Def: 0 Gold: 762 Moves: 986 Dungeon seed: nekdRTRdyf_lCQRK Game ID: MAt_1556142991 Your Inventory: Coins $ - 762 gold pieces Weapons a - 29 cursed +2 darts (in quiver) s - a +0 sling (weapon in hand) Armor e - an uncursed +0 Hawaiian shirt (being worn) Comestibles c - an uncursed carrot d - 3 uncursed fortune cookies f - 2 uncursed tripe rations g - an uncursed egg h - an uncursed tin of goblin meat i - an uncursed slime mold t - 2 uncursed tins of jackal meat u - an uncursed partly eaten food ration Scrolls k - 3 cursed scrolls of magic mapping l - a blessed scroll of magic mapping Potions j - 2 cursed potions of extra healing Tools m - an expensive camera (0:60) n - an uncursed credit card Gems q - an uncursed worthless piece of orange glass Spells and supernatural/magical abilities: Name Level Category Fail Memory W - pray for help -- divine ? -- Your skills at the end: Fighting Skills Weapon Skills dart [Basic] Spellcasting Skills Final Attributes: You were devoutly aligned. The Lady was angry with you. You are dead. Vanquished creatures: a shrieker an acid blob a hobbit a gnome zombie a gecko 2 jackals a fox a kobold a goblin 3 sewer rats 3 grid bugs a lichen 17 creatures vanquished. Voluntary challenges: You followed a strict vegan diet. You used a wielded weapon 27 times, starting on turn 637. You were illiterate. You never genocided any monsters. You never polymorphed an object. You never changed form. You used no wishes. You never split a pudding. You never wrote Elbereth's name. You never violated your personal moral code. Dungeon overview: The Dungeons of Doom: levels 1 to 3 Level 1 an altar to Offler, a fountain a long staircase Level 2 an armor shop, an altar to Offler Level 3 stairs to The Gnomish Mines The Gnomish Mines: levels 4 to 6 Level 4 stairs to The Dungeons of Doom Level 6 <- You were here a delicatessen History has recorded: On T:1 you entered the Dungeons of Doom to retrieve the Amulet of Yendor! On T:288 you reached level 2 of The Dungeons of Doom. On T:610 you reached level 3 of The Dungeons of Doom. On T:632 you advanced to experience level 2. On T:949 you reached level 1 of The Gnomish Mines. On T:951 you reached level 3 of The Gnomish Mines. Score breakdown: Gold: 20 ( 4497 points) Experience: 2 levels ( 5570 points) Exploration: 6 levels ( 12.50%) ( 9784 points) Discoveries: 0 items ( 0.00%) ( 0 points) Valuables value: (no points given unless you survive) Artifact value: 0 ( 0 points) Variety of kills: 12 monsters ( 3.15%) ( 5324 points) Turncount: 986 turns ( 0 points) Survival: died (score multiplied by 80%) Total score: 20140 Latest messages: A yellow potion, price 66 zorkmids, finest quality. The air crackles around the gnomish wizard. You see here a food ration (60 zorkmids). The small mimic hits! The gnomish wizard points at you, then curses. You hit the small mimic. You miss the small mimic. The gnomish wizard points at you, then curses. You hit the small mimic. The gnomish wizard points at you, then curses. You miss the small mimic. The small mimic hits! The gnomish wizard points at you, then curses. You see here a food ration (60 zorkmids). You hear a door open. The air crackles around the gnomish wizard. You begin praying to The Lady. The gnomish wizard points at you, then curses. The small mimic hits! You die... Ardjawinangun gratefully inherits all your possessions. Final status: Aloha MAt the Tourist, killed by a small mimic, while praying... You died in The Gnomish Mines on dungeon level 6 with 20140 points, and 762 pieces of gold, after 986 moves. You were level 2 with a maximum of 14 hit points when you died.